 Dungeon Crawl Stone Soup version 0.27-a0-1384-g1422d76b99 (webtiles) character file.

Game seed: 9437471729294291940

2 Sobieck the Ruffian (level 1, -5/19 HPs)
             Began as a Ghoul Berserker on June 30, 2021.
             Was a Follower of Trog.
             Slain by a worm (10 damage)
             ... on level 1 of the Dungeon.
             The game lasted 00:01:44 (523 turns).

Sobieck the Ruffian (Ghoul Berserker)                Turns: 523, Time: 00:01:44

Health: -5/19      AC:  2    Str: 19    XL:     1   Next: 40%
Magic:  0/0        EV: 11    Int:  3    God:    Trog [*.....]
Gold:   5          SH:  0    Dex:  8    Spells: 0/0 levels left

rFire    . . .     SeeInvis .     - Unarmed
rCold    + . .     Faith    .   (no shield)
rNeg     + + +     Spirit   +   a - +0 animal skin
rPois    ∞         Reflect  .   (no helmet)
rElec    .         Harm     .   (no cloak)
rCorr    .         Rampage  .   (no gloves)
Will     .....                  (no boots)
Stlth    +.........             c - amulet of guardian spirit
HPRegen  0.00/turn              (no ring)
MPRegen  0.07/turn              (no ring)

@: no status effects
A: claws 1, cold resistance 1, negative energy resistance 3, inhibited
regeneration, torment resistance 2
a: Renounce Religion


You were on level 1 of the Dungeon.
You worshipped Trog.
Trog was aware of your devotion.
You visited 1 branch of the dungeon, and saw 2 of its levels.

You collected 5 gold pieces.


Innate Abilities, Weirdness & Mutations

You thrive by killing the living.
You are immune to poison.
You have sharp fingernails.
Your flesh is cold resistant. (rC+)
You are immune to negative energy. (rN+++)
You do not regenerate when monsters are visible.
You are immune to unholy pain and torment.


   Skills:
 + Level 3.3 Fighting
 - Level 1.7 Armour
 + Level 1.8 Dodging
 * Level 3.4 Unarmed Combat


You couldn't memorise any spells.
You didn't know any spells.
Your spell library contained the following spells:

 Spells                   Type           Power      Damage    Failure   Level
 Animate Skeleton         Necr           0%         N/A       52%         1
 Pain                     Necr           0%         1d4       52%         1
 Vampiric Draining        Necr           0%         2d6       88%         3
 Animate Dead             Necr           0%         N/A       99%         4
 Agony                    Necr           0%         N/A       100%        5

Inventory:

Missiles
 b - 25 stones (quivered) {throwing}
Armour
 a - a +0 animal skin (worn)
Jewellery
 c - an amulet of guardian spirit (around neck)
   (You found it on level 1 of the Dungeon)

Dungeon Overview and Level Annotations

Branches:
Dungeon (2/15)

Altars:

##.# ## ##..#
### ##.#.###≈≈
##.....####
#####.#...#..#≈
#.....>....####
#.#####.....#≈≈
##########.#
##..###≈≈
.......@w.>#
#..#≈≈≈#
.###########
#..#####
#.......
#...######
#.#.# #.#.# .
#.# # #.# #.


You could see a worm.


Message History

You take 1 damage, and now have 16/19 hp.
You barely miss the kobold.
The kobold hits you with a +0 dagger. 😮 HP[-2]
You take 2 damage, and now have 14/19 hp.
You are too injured to fight recklessly!
You are too injured to fight recklessly!
You are too injured to fight recklessly!
You are too injured to fight recklessly!
You are too injured to fight recklessly!
You scratch the kobold.
You kill the kobold!
Trog accepts your kill.
You feel better. 😕 HP[+2]
You regained 2 hp, and now have 16/19 hp.
b - 25 stones {throwing} (gained 4)
Things that are here:
a +0 dagger {short}; a kobold corpse You start resting. 😎 HP[+3]
Your hp is fully restored (19).
You pick up a book of Necromancy {forbidden} and begin reading...
You add the spells Pain, Animate Skeleton, Vampiric Draining, Animate Dead and Agony to your library.
c - an amulet of guardian spirit
Okay, then.
You start putting on your amulet.
You continue putting on your amulet of guardian spirit. x5
You finish putting on your amulet of guardian spirit.
You feel your power drawn to a protective spirit.
c - an amulet of guardian spirit (around neck)
You enter the shallow water.
Moving in this stuff is going to be slow.
Found an escape hatch in the floor.
There is an escape hatch in the floor here.
There is an escape hatch in the floor here.
There is an open door here.
You enter the shallow water.
Moving in this stuff is going to be slow.
You enter the shallow water.
Moving in this stuff is going to be slow.
You enter the shallow water.
Moving in this stuff is going to be slow.
You enter the shallow water.
Moving in this stuff is going to be slow.
You enter the shallow water.
Moving in this stuff is going to be slow.
You enter the shallow water.
Moving in this stuff is going to be slow.
You enter the shallow water.
Moving in this stuff is going to be slow.
There is an open door here.
An endoplasm comes into view.
The endoplasm quivers.
The endoplasm freezes you.
You are frozen.
You resist.
You claw the endoplasm!
You kill the endoplasm!
Trog accepts your kill.
No target in view!
Found a stone staircase leading down.
(D) Dungeon
Where to? (? - help)
There is a stone staircase leading down here.
You climb downwards.
There is a stone staircase leading up here.
You climb upwards.
There is a stone staircase leading down here.
A frilled lizard comes into view.
The frilled lizard hisses angrily.
You claw the frilled lizard!
You kill the frilled lizard!
Trog accepts your kill.
No target in view!
You now have 5 gold pieces.
Found a stone staircase leading down.
There is a stone staircase leading down here.
You climb downwards.
A worm comes into view.
There is a stone staircase leading up here.
You scratch the worm. The worm bites you! 😮 HP[-8]
You take 8 damage, and now have 11/19 hp.
MASSIVE DAMAGE!! (PAUSE)
Okay, then.
You scratch the worm but do no damage.
Unknown command.
Okay, then.
Unknown command.
There is a stone staircase leading up here.
You climb upwards.
There is a stone staircase leading down here.
You scratch the worm. The worm bites you.
* * * LOW HITPOINT WARNING * * *
😨 HP[-6]
You take 6 damage, and now have 5/19 hp.
MASSIVE DAMAGE!! (PAUSE)
You scratch the worm. You barely miss the worm. The worm bites you!
Ouch! That really hurt!
You die...

Action                   || total
-------------------------++-------
Melee: Unarmed           ||    12
       Punch             ||     1
Dodge: Dodged            ||     2

Levels and vault maps discovered:
D:1:      lightli_arrival_farm, layout_loops_ring, basic_ecumenical_altar,
          chequers_serial_rivers_large_b, chequers_serial_rivers_micro_c,
          glass_columns_b
D:2:      minmay_angry_zag, layout_basic, basic_altar, kennysheep_cluttered_room

Notes
Turn   | Place    | Note
-------+----------+-------------------------------------------
     0 | D:1      | Sobieck the Ghoul Berserker began the quest for the Orb.
     0 | D:1      | Reached XP level 1. HP: 19/19 MP: 0/0
     0 | D:1      | magus.rc [v1.9.6]
    98 | D:1      | You pick up a book of Necromancy {forbidden} and begin
                  | reading...
    98 | D:1      | You add the spells Pain, Animate Skeleton, Vampiric
                  | Draining, Animate Dead and Agony to your library.
   523 | D:1      | Slain by a worm

Vanquished Creatures
  An endoplasm (D:1)
  A frilled lizard (D:1)
  A kobold (D:1)
3 creatures vanquished.

Table legend:
 A = Non-vault XP
 B = Vault XP
 C = Vault XP percentage of total XP
 D = Non-vault monster count
 E = Vault monster count
 F = Vault count percentage of total count
                 A         B        C        D         E       F
            +---------+---------+-------+---------+---------+-------
      Total |       4 |       0 |   0.0 |       3 |       0 |   0.0
            +---------+---------+-------+---------+---------+-------
        D:1 |       4 |       0 |   0.0 |       3 |       0 |   0.0
            +---------+---------+-------+---------+---------+-------

Illustrated notes

Table legend:
 A = Kills in this place as a percentage of kills in entire the game.
 B = Kills by you in this place as a percentage of kills by you in the entire game.
 C = Kills by friends in this place as a percentage of kills by friends in the entire game.
 D = Other kills in this place as a percentage of other kills in the entire game.
 E = Experience gained in this place as a percentage of experience gained in the entire game.
 F = Experience gained in this place divided by the number of levels of this place that you have seen.
                   A       B       C       D       E      F
               +-------+-------+-------+-------+-------+----------------------
         Total | 100.0 | 100.0 |   N/A |   N/A | 100.0 |   2.0
       Dungeon | 100.0 | 100.0 |   N/A |   N/A | 100.0 |   2.0
               +-------+-------+-------+-------+-------+----------------------

Table legend: (Time is in decaauts)
 A = Elapsed time spent in this place.
 B = Non-inter-level travel time spent in this place.
 C = Inter-level travel time spent in this place.
 D = Time resting spent in this place.
 E = Time spent auto-exploring this place.
 F = Levels seen in this place.
 G = Mean time per level.
                   A        B        C        D        E       F      G
               +--------+--------+--------+--------+--------+-----+--------+
         Total |    579 |    568 |     11 |     40 |    486 |   2 |  289.5 |
       Dungeon |    579 |    568 |     11 |     40 |    486 |   2 |  289.5 |
               +--------+--------+--------+--------+--------+-----+--------+

Top non-repeatable levels by time:
     D:1: 569 daAuts
     D:2: 10 daAuts
